 Dungeon Crawl Stone Soup version 0.31-a0-152-g6aa68a64a1 (webtiles) character file.

Game seed: 10109591093789212245

198 qw the Chopper (level 5, -20/33 HPs)
             Began as a Gargoyle Fighter on June 11, 2023.
             Demolished by an ogre
             ... wielding a +0 giant club
              (24 damage)
             ... on level 4 of the Dungeon.
             The game lasted 00:01:16 (2781 turns).

qw the Chopper (Gargoyle Fighter)                   Turns: 2781, Time: 00:01:17

Health: -20/33     AC: 18    Str: 21    XL:     5   Next: 77%
Magic:  5/5        EV:  5    Int:  9    God:
Gold:   149        SH:  4    Dex:  7    Spells: 4/4 levels left

rFire   . . .        Y - +0 war axe
rCold   . . .        c - +0 buckler
rNeg    + . .        n - +0 plate armour
rPois   inf          (no helmet)
rElec   +            h - +2 cloak
rCorr   .            (no gloves)
SInv    .            (no boots)
Will    .....        j - amulet of faith Stlth
                     (no ring)
HPRegen 0.25/turn    (no ring)
MPRegen 0.09/turn

%: faith
@: no status effects
A: sickness immunity, AC +4, negative energy resistance 1, electricity
resistance, torment resistance 1, petrification resistance, clumsy 1, wild magic
1
a: no special abilities


You were on level 4 of the Dungeon.
You visited 1 branch of the dungeon, and saw 4 of its levels.

You collected 149 gold pieces.


Innate Abilities, Weirdness & Mutations

You are immune to sickness and miasma.
Your stone body is resilient. (AC +4)
You are immune to poison.
You resist negative energy. (rN+)
You are resistant to electric shocks. (rElec)
You are resistant to unholy torment.
You are immune to petrification.
You are clumsy. (Dex -2)
Your spells are a little harder to cast, but a little more powerful.


   Skills:
 + Level 3.7 Fighting
 - Level 5.0 Axes
 - Level 3.2 Armour
 - Level 3.2 Shields


You had 4 spell levels left.
You didn't know any spells.
Your spell library was empty.

Inventory:

Hand Weapons
 e - a +4 morningstar of pain
 i - the +5 hand axe of Japs {pain, rCorr}
   (You found it on level 2 of the Dungeon)

   rCorr:     It protects you from acid and corrosion.
 k - a +0 morningstar
 Y - a +0 war axe (weapon)
Armour
 b - an orb of guile
 c - a +0 buckler (worn)
 h - a +2 cloak (worn)
 n - a +0 plate armour (worn)
Jewellery
 j - an amulet of faith (around neck)
Scrolls
 a - a scroll of identify
Potions
 d - a potion of might
 f - a potion of curing
 g - a potion of lignification
 l - a potion of mutation
 m - a potion of haste {unknown}
 o - a potion of cancellation {unknown}

Dungeon Overview and Level Annotations

Branches:
Dungeon (4/15)
 Temple: D:4-7

Altars:

Shops:
D:1 [


Message History

a +1 dagger of draining; a hound corpse
Enter note:
Enter note:
o - a smoky brown potion
Found 5 poisoned darts.
Enter note:
Enter note:
Enter note:
Enter note:
Found a scroll of magic mapping.
Enter note:
Enter note:
Enter note:
Enter note: You now have enough gold to buy a chain mail on D:1.
You can access your shopping list by pressing '$'.
You now have 149 gold pieces (gained 15).
You see here a scroll of magic mapping.
An ogre comes into view. It is wielding a +0 giant club.
The ogre shouts!
Enter note:
Enter note:
Enter note:
Enter note: The ogre enters a dispersal trap!
You blink.
The ogre blinks!
You barely miss the ogre. You block the ogre's attack.
You barely miss the ogre. The ogre hits you with a +0 giant club!
You hit the ogre.
The ogre is lightly wounded.
You hit the ogre.
The ogre is lightly wounded.
The ogre hits you with a +0 giant club!!
Ouch! That really hurt!
You hit the ogre.
The ogre is moderately wounded.
The ogre hits you with a +0 giant club!!
Ouch! That really hurt!
You die...

#.. ##.# ##..# ####...#
##......# ........##
....##...# . ##..########
###....@....#
##.....O.....##
#.............#
#.............##
#.............#
#.............# ##### #
#............## ##...#####
##.^.....:...####.........
#............##......)<..


You could see an ogre.

Vanquished Creatures
  A hound (D:4)
  A sleepcap (D:4)
  Terence (D:3)
  5 adders
  An ufetubus (D:4)
  A dart slug (D:2)
  5 orcs (D:3)
  10 endoplasms
  3 giant cockroaches (D:1)
  6 goblins
  2 hobgoblins
  4 jackals (D:3)
  5 kobolds
  2 quokkas (D:1)
  2 ball pythons
  4 bats
  3 frilled lizards
  4 rats
60 creatures vanquished.

Notes
Turn   | Place    | Note
-------+----------+-------------------------------------------
     0 | D:1      | qw the Gargoyle Fighter began the quest for the Orb.
     0 | D:1      | Reached XP level 1. HP: 14/14 MP: 1/1
     0 | D:1      | 0 ||| qw: Version: 0.2-a-29-g99eb96e
     0 | D:1      | 0 ||| qw: Game counter: 4078
     0 | D:1      | 0 ||| qw: Always use a shield: true
     0 | D:1      | 0 ||| qw: God list: Okawaru
     0 | D:1      | 0 ||| qw: Allow faded altars: false
     0 | D:1      | 0 ||| qw: Do Orc after D:15 true
     0 | D:1      | 0 ||| qw: Do second Lair branch before Depths: true
     0 | D:1      | 0 ||| qw: Lair rune preference: random
     0 | D:1      | 0 ||| qw: Plans: Normal, Zot:1-4, Slime:5, God:TSO, Crypt,
                  | Tomb, Abyss, Pan, Hells, Win
     0 | D:1      | 0 ||| PLANNING D:1-11
    24 | D:1      | Reached skill level 2 in Axes
   268 | D:1      | Reached XP level 2. HP: 19/19 MP: 2/2
   361 | D:1      | Found Niohaoj's Antique Armour Emporium.
   382 | D:1      | 382 ||| SHOPLISTING chain mail (144 gold, have 19).
   382 | D:1      | 382 ||| SHOPLISTING pair of bloodstained gloves (304 gold,
                  | have 19).
   382 | D:1      | 382 ||| SHOPLISTING pair of embroidered gloves (240 gold,
                  | have 19).
   382 | D:1      | 382 ||| SHOPLISTING runed leather armour (160 gold, have
                  | 19).
   382 | D:1      | 382 ||| SHOPLISTING runed plate armour (832 gold, have 19).
   382 | D:1      | 382 ||| SHOPLISTING runed ring mail (224 gold, have 19).
   639 | D:1      | 639 ||| UPGRADING to +2 cloak.
   644 | D:1      | 644 ||| READING scroll labelled XACVOZXISA.
   645 | D:1      | 645 ||| READING scroll labelled YFOTIO JEFOIFO.
   646 | D:1      | 646 ||| READING scroll labelled ROAROA SULYIRU.
   668 | D:2      | Reached skill level 3 in Axes
   749 | D:2      | 749 ||| Stepping ~*~*~tactically~*~*~ (stealth).
   756 | D:2      | Reached XP level 3. HP: 23/23 MP: 3/3
   772 | D:2      | Found a faded altar of an unknown god.
   906 | D:2      | Identified the +5 hand axe of Japs {pain, rCorr}
   967 | D:2      | 967 ||| Stepping ~*~*~tactically~*~*~ (stealth).
   977 | D:2      | 977 ||| Stepping ~*~*~tactically~*~*~ (stealth).
   978 | D:2      | 978 ||| Stepping ~*~*~tactically~*~*~ (stealth).
  1282 | D:2      | Reached XP level 4. HP: 28/28 MP: 4/4
  1441 | D:2      | 1441 ||| Stepping ~*~*~tactically~*~*~ (stealth).
  1474 | D:2      | 1474 ||| READING scroll labelled YKHEITAECKO.
  1474 | D:2      | Identified a scroll of acquirement
  1474 | D:2      | 1474 ||| ACQUIRING +4 morningstar of pain
  1474 | D:2      | Acquired a +4 morningstar of pain
  1476 | D:2      | 1476 ||| READING scroll labelled IMUVYU URUOSONAU.
  1477 | D:2      | 1477 ||| DRINKING 2 sedimented emerald potions.
  1548 | D:3      | Noticed Terence
  1564 | D:3      | Killed Terence
  1565 | D:3      | Reached skill level 4 in Axes
  1590 | D:3      | 1590 ||| Stepping ~*~*~tactically~*~*~ (stealth).
  1594 | D:3      | 1594 ||| Stepping ~*~*~tactically~*~*~ (stealth).
  1614 | D:3      | HP: 5/28 [orc/+0 morningstar (6)]
  1615 | D:3      | 1615 ||| READING scroll of teleportation.
  1856 | D:3      | 1856 ||| DROPPING +0 club.
  1981 | D:3      | Reached XP level 5. HP: 32/32 MP: 5/5
  2453 | D:3      | 2453 ||| UPGRADING to +0 plate armour.
  2463 | D:3      | 2463 ||| DROPPING +0 scale mail.
  2464 | D:3      | 2464 ||| UPGRADING to amulet of faith.
  2469 | D:3      | 2469 ||| READING scroll labelled ZOXTEMUELI.
  2470 | D:3      | 2470 ||| DRINKING 2 sapphire potions.
  2470 | D:3      | Gained mutation: Your spells are a little harder to cast,
                  | but a little more powerful. [potion of mutation]
  2470 | D:3      | Gained mutation: You are clumsy. (Dex -2) [potion of
                  | mutation]
  2471 | D:3      | 2471 ||| READING 2 scrolls of identify.
  2471 | D:3      | 2471 ||| IDENTIFYING bubbling red potion
  2589 | D:4      | Reached skill level 5 in Axes
  2771 | D:4      | Noticed an ogre
  2780 | D:4      | HP: 4/33 [ogre/+0 giant club (23)]
  2781 | D:4      | Demolished by an ogre

Levels and vault maps discovered:
D:1:      dpeg_arrival_tiny_b, layout_loops_ring, serial_shops,
          nicolae_square_shop
D:2:      layout_loops_corners, basic_ecumenical_altar
D:3:      layout_basic, uniq_terence
D:4:      layout_cave_pods, gammafunk_ghost_mausoleum

Skill      XL: |  1  2  3  4  5 |
---------------+----------------+-----
Axes           | 2 3 4 5 |  5.0
Fighting       | |  3.7
Armour         | |  3.2
Shields        | |  3.2

Action                     |  1- 3 |  4- 6 || total
---------------------------+-------+-------++-------
  Melee: War axe           |    77 |   105 ||   182
    Use: Scroll            |     3 |     5 ||     8
         Potion            |       |     2 ||     2
 Armour: Scale mail        |    47 |    37 ||    84
         Plate armour      |       |    23 ||    23
  Dodge: Dodged            |    38 |    41 ||    79
  Block: Buckler           |    16 |    18 ||    34

Table legend:
 A = Non-vault XP
 B = Vault XP
 C = Vault XP percentage of total XP
 D = Non-vault monster count
 E = Vault monster count
 F = Vault count percentage of total count
                 A         B        C        D         E       F
            +---------+---------+-------+---------+---------+-------
      Total |     248 |      36 |  12.7 |      59 |       1 |   1.7
            +---------+---------+-------+---------+---------+-------
        D:1 |      28 |       0 |   0.0 |      17 |       0 |   0.0
        D:2 |      61 |       0 |   0.0 |      14 |       0 |   0.0
        D:3 |      54 |      36 |  40.0 |      20 |       1 |   4.8
        D:4 |     105 |       0 |   0.0 |       8 |       0 |   0.0
            +---------+---------+-------+---------+---------+-------
